[Event "Titled Tuesday Blitz May 2 Early 2023"]
[White "Davtyan, David Arm."]
[Black "Cramling Bellon, Anna"]
[WhiteFideId "13310046"]
[BlackFideId "32009232"]
[WhiteElo "2274"]
[BlackElo "1972"]
[Result "1-0"]
[Round "02"]
[TimeControl "180+2"]
[Date "2023.05.02"]
[WhiteClock "0:00:40"]
[BlackClock "0:00:01"]

1. e4 c5 2. Nc3 Nc6 3. g3 g6 4. Bg2 Bg7 5. d3 d6 6. Be3 e5 7. Qd2 Nd4 8. Nd1 Ne7 9. c3 Ndc6 10. Bh6 O-O 11. h4 Bxh6 12. Qxh6 f6 13. Qd2 Be6 14. Ne2 d5 15. h5 g5 16. f4 dxe4 17. Bxe4 f5 18. Bg2 exf4 19. gxf4 g4 20. Ne3 Nd5 21. O-O-O Nxe3 22. Qxe3 Bxa2 23. Qxc5 Qb6 24. Qxb6 axb6 25. Kc2 Rfe8 26. Rhe1 Na5 27. Nd4 Bf7 28. b4 Nb3 29. Rxe8+ Rxe8 30. Nxb3 Re2+ 31. Nd2 Rxg2 32. Re1 g3 33. Re5 Bxh5 34. Rxf5 Bg6 35. Rg5 Kf7 36. f5 Kf6 37. fxg6 Kxg5 38. g7 Kh6 39. g8=Q 1-0


[Site "https://www.chess.com"]

[Event "Titled Tuesday Blitz May 2 Early 2023"]
[White "Omariev, Maksim"]
[Black "Srdanovic, Jovana"]
[WhiteFideId "4193423"]
[BlackFideId "954810"]
[WhiteElo "2304"]
[BlackElo "2145"]
[Result "1/2-1/2"]
[Round "02"]
[TimeControl "180+2"]
[Date "2023.05.02"]
[WhiteClock "0:00:00"]
[BlackClock "0:00:00"]

1. g4 d5 2. Bg2 c6 3. h3 e5 4. d4 e4 5. c4 f5 6. Nc3 fxg4 7. hxg4 dxc4 8. Bxe4 Bxg4 9. Bxh7 Rxh7 10. Rxh7 Nf6 11. Rh8 Kf7 12. Bg5 Nbd7 13. Qd2 Qa5 14. f3 Be6 15. e4 Re8 16. Nge2 b5 17. Ng3 b4 18. Nce2 c3 19. bxc3 bxc3 20. Nxc3 Bb4 21. Nge2 Rxh8 22. O-O-O Qa3+ 23. Kb1 Bxc3 24. Nxc3 Rb8+ 25. Ka1 Nb6 26. d5 Nc4 27. Qc1 Qxc1+ 28. Rxc1 cxd5 29. Bxf6 gxf6 30. exd5 Bf5 31. Na4 Nd2 32. Nb2 Nxf3 33. Rc7+ Kg6 34. Rxa7 Nd4 35. a4 Nc2+ 36. Ka2 Nb4+ 37. Ka3 Nxd5 38. Nc4 Nc3 39. Ra5 Nb1+ 40. Ka2 Nc3+ 41. Ka3 Rd8 42. Kb4 Ne2 43. Ne3 Rd4+ 44. Kc5 Re4 45. Nxf5 Kxf5 46. Kd6+ Re5 47. Rxe5+ fxe5 48. a5 Nc3 49. a6 e4 50. Kc5 e3 51. a7 e2 52. a8=Q e1=Q 53. Qf3+ Ke6 54. Qc6+ Kf5 55. Qf3+ Kg6 56. Qg4+ Kf7 57. Qf5+ Ke7 58. Qh7+ Ke6 59. Qg6+ Kd7 60. Qf7+ Qe7+ 61. Qxe7+ Kxe7 1/2-1/2


[Site "https://www.chess.com"]

[Event "Titled Tuesday Blitz May 2 Early 2023"]
[White "Avazkhonov, Alikhon"]
[Black "Larina, Maria"]
[WhiteFideId "14208504"]
[BlackFideId "24113182"]
[WhiteElo "1739"]
[BlackElo "1848"]
[Result "1/2-1/2"]
[Round "02"]
[TimeControl "180+2"]
[Date "2023.05.02"]
[WhiteClock "0:01:14"]
[BlackClock "0:00:18"]

1. d4 f5 2. c4 Nf6 3. g3 d6 4. Bg2 g6 5. Nf3 Bg7 6. O-O O-O 7. Nc3 Nc6 8. d5 Na5 9. Nd2 c5 10. b3 Ne4 11. Ndxe4 fxe4 12. Bb2 Bf5 13. e3 Qd7 14. Qc2 Bh3 15. Nxe4 Bxb2 16. Qxb2 Bxg2 17. Kxg2 Qf5 18. f3 b6 19. g4 Qf7 20. Ng5 Qf6 21. Qxf6 exf6 22. Ne6 Rf7 23. f4 f5 24. gxf5 gxf5 25. Kf3 Kh8 26. Rg1 Rg8 27. Rxg8+ Kxg8 28. e4 fxe4+ 29. Kxe4 Nb7 30. Rg1+ Kh8 31. Rg5 h6 32. Rg6 Kh7 33. f5 a6 34. h4 b5 35. h5 bxc4 36. bxc4 Na5 37. f6 Nxc4 38. Nd8 Rd7 39. Ne6 Rf7 40. Kf5 Ne3+ 41. Ke4 Nc4 1/2-1/2


[Site "https://www.chess.com"]

[Event "Titled Tuesday Blitz May 2 Early 2023"]
[White "Cueto, Jonny"]
[Black "Koridze, Lile"]
[WhiteFideId "3300145"]
[BlackFideId "13612514"]
[WhiteElo "2234"]
[BlackElo "2047"]
[Result "0-1"]
[Round "02"]
[TimeControl "180+2"]
[Date "2023.05.02"]
[WhiteClock "0:00:16"]
[BlackClock "0:00:07"]

1. d4 Nf6 2. Bf4 d5 3. e3 c5 4. Nf3 Nc6 5. Nbd2 Bg4 6. c3 e6 7. Be2 Bd6 8. Ne5 Bxe2 9. Qxe2 O-O 10. O-O Qc7 11. Ndf3 Ne4 12. Nxc6 Bxf4 13. Nce5 Bxe5 14. Nxe5 f6 15. Nd3 b5 16. f3 Nd6 17. Nxc5 Rfe8 18. b3 a5 19. Rfc1 a4 20. bxa4 bxa4 21. Rab1 Nc4 22. Rb4 a3 23. Rcb1 Qc6 24. Rb7 e5 25. Qf2 exd4 26. Qg3 g6 27. Qh4 h5 28. exd4 Nd2 29. R1b6 Qc8 30. g4 Nxf3+ 31. Kg2 Nxh4+ 32. Kg3 Qxg4+ 33. Kf2 Qg2# 0-1


[Site "https://www.chess.com"]

[Event "Titled Tuesday Blitz May 2 Early 2023"]
[White "Hartikainen, Jarmo"]
[Black "Pourkashiyan, Atousa"]
[WhiteFideId "503134"]
[BlackFideId "12502014"]
[WhiteElo "2108"]
[BlackElo "2228"]
[Result "0-1"]
[Round "02"]
[TimeControl "180+2"]
[Date "2023.05.02"]
[WhiteClock "0:00:01"]
[BlackClock "0:00:05"]

1. e4 c5 2. c3 Nf6 3. e5 Nd5 4. d4 cxd4 5. Nf3 e6 6. cxd4 d6 7. Nc3 Nxc3 8. bxc3 Qc7 9. Bd2 Nd7 10. exd6 Bxd6 11. Bd3 h6 12. Qe2 b6 13. Be4 Bb7 14. Bxb7 Qxb7 15. a4 O-O 16. O-O Rac8 17. Rfb1 Qc6 18. a5 Qc4 19. Qxc4 Rxc4 20. axb6 axb6 21. Ra7 Rd8 22. Rba1 Kf8 23. Ra8 Rcc8 24. Rxc8 Rxc8 25. Ra6 Ke7 26. g3 Rb8 27. Ra7 b5 28. Kf1 Ke8 29. Ke2 b4 30. cxb4 Bxb4 31. Bf4 Rc8 32. Ne5 Nxe5 33. Bxe5 Kf8 34. Rb7 Ba3 35. Rb8 Rxb8 36. Bxb8 Ke7 37. Kd3 Bb4 38. f3 Be1 39. g4 g6 40. h3 h5 41. Ba7 Bf2 42. Bc5+ Kf6 43. Bd6 Kg5 44. Be7+ Kf4 45. gxh5 gxh5 46. Ke2 Bxd4 47. h4 Kg3 48. Bd6+ Kxh4 49. Kd3 Bf6 50. Ke4 Kg5 51. f4+ Kg6 52. Bc5 h4 53. Bg1 Kh5 54. Kf3 Be7 55. Bh2 Bd6 56. Bg1 f6 57. Bh2 f5 58. Bg1 Kg6 59. Bf2 Be7 60. Bg1 Kf7 61. Bh2 Ke8 62. Ke3 Kd7 63. Kd4 Kc6 64. Kc4 Kd6 65. Kd4 h3 66. Kc4 Bf6 67. Kd3 Kd5 68. Ke3 Bh4 69. Kf3 Kd4 70. Bg1+ Kd3 0-1


[Site "https://www.chess.com"]

[Event "Titled Tuesday Blitz May 2 Early 2023"]
[White "Liu, Casper"]
[Black "Torres Dominguez, David"]
[WhiteFideId "1454153"]
[BlackFideId "2220857"]
[WhiteElo "2221"]
[BlackElo "1999"]
[Result "0-1"]
[Round "02"]
[TimeControl "180+2"]
[Date "2023.05.02"]
[WhiteClock "0:00:51"]
[BlackClock "0:00:01"]

1. e4 e5 2. Bc4 Nc6 3. c3 Nf6 4. d3 Bc5 5. f4 d5 6. exd5 Nxd5 7. fxe5 Bxg1 8. Rxg1 Qh4+ 9. Kd2 Be6 10. Qf3 O-O-O 11. d4 Nxe5 12. dxe5 Qxc4 13. Na3 Qc6 14. Ke1 Rhe8 15. Kf2 Qb6+ 16. Kf1 f6 17. Nc4 Qc6 18. Ne3 fxe5 19. Ke1 e4 20. Qe2 Nxc3 21. Qc2 Rd3 22. bxc3 Rxc3 23. Qb2 Qc5 24. Rf1 Rxe3+ 25. Bxe3 Qxe3+ 26. Qe2 Qc3+ 27. Kf2 Qc5+ 28. Qe3 Rf8+ 29. Ke2 Bg4+ 30. Kd2 Rd8+ 31. Qd4 Qxd4+ 32. Kc2 Qd3+ 33. Kb2 Be6 34. Rac1 Qb5+ 35. Ka1 Qe5+ 36. Kb1 Rd2 37. Rf8+ Kd7 38. Rff1 Qb2# 0-1


[Site "https://www.chess.com"]

[Event "Titled Tuesday Blitz May 2 Early 2023"]
[White "Winkels, Marcel"]
[Black "Storn, Justin"]
[WhiteFideId "1003887"]
[BlackFideId "30922720"]
[WhiteElo "1900"]
[BlackElo "2096"]
[Result "1-0"]
[Round "02"]
[TimeControl "180+2"]
[Date "2023.05.02"]
[WhiteClock "0:00:00"]
[BlackClock "0:00:00"]

1. d4 d5 2. Nc3 Nf6 3. Bf4 c5 4. e4 dxe4 5. dxc5 Qa5 6. Qd4 Nc6 7. Bb5 Bd7 8. Bxc6 Bxc6 9. O-O-O Rd8 10. Qc4 Rxd1+ 11. Nxd1 Bd5 12. Qc3 Qxa2 13. b3 Qa3+ 14. Kb1 e6 15. h3 Bxc5 16. Be5 Nd7 17. Bxg7 Rg8 18. Ne2 Qb4 19. Nf4 Qxc3 20. Bxc3 Bc6 21. Rg1 Nb6 22. Nh5 Nd5 23. Bb2 Rg6 24. g4 f5 25. c4 Nb4 26. Nf6+ Kf7 27. g5 Nd3 28. h4 Nxf2 29. h5 Rg7 30. h6 1-0


[Site "https://www.chess.com"]

[Event "Titled Tuesday Blitz May 2 Early 2023"]
[White "Necula, Iulian"]
[Black "Daeschler, Florian"]
[WhiteFideId "1232380"]
[BlackFideId "20678193"]
[WhiteElo "1790"]
[BlackElo "2221"]
[Result "0-1"]
[Round "02"]
[TimeControl "180+2"]
[Date "2023.05.02"]
[WhiteClock "0:00:00"]
[BlackClock "0:00:00"]

1. d4 d5 2. Nc3 Nf6 3. Bf4 c5 4. e4 dxe4 5. d5 a6 6. a4 e5 7. Bg5 Bf5 8. f3 exf3 9. Nxf3 Bd6 10. Bd3 Bxd3 11. cxd3 h6 12. Bh4 g5 13. Bg3 Nbd7 14. O-O Qc7 15. Ne4 Nxe4 16. dxe4 O-O 17. Rc1 Qb6 18. Qc2 Rae8 19. Bf2 Kg7 20. Rb1 Qb4 21. b3 Nf6 22. Rfe1 Ng4 23. h3 Nxf2 24. Qxf2 b5 25. axb5 axb5 26. Qg3 Kh7 27. h4 f5 28. hxg5 fxe4 29. g6+ Kg7 30. Nh4 Rf4 31. Rf1 Ref8 32. Nf3 exf3 33. Rxf3 Rxf3 34. gxf3 Qf4 35. Qg2 Qxf3 36. Ra1 Qxg2+ 37. Kxg2 Kxg6 38. Ra6 Rf6 39. Rc6 Kf5 40. Kf3 e4+ 41. Ke2 Ke5 42. Rb6 b4 43. Rb7 Kxd5 44. Rh7 Kd4 45. Kd2 e3+ 46. Ke2 Rf2+ 47. Ke1 Bf4 48. Rd7+ Kc3 49. Rd5 Kxb3 50. Rxc5 Rc2 51. Rb5 Bg5 52. Rf5 e2 0-1


[Site "https://www.chess.com"]

[Event "Titled Tuesday Blitz May 2 Early 2023"]
[White "Van Baar, Esper"]
[Black "Myers, Dominique"]
[WhiteFideId "1049321"]
[BlackFideId "2041715"]
[WhiteElo "2180"]
[BlackElo "1934"]
[Result "1/2-1/2"]
[Round "02"]
[TimeControl "180+2"]
[Date "2023.05.02"]
[WhiteClock "0:00:04"]
[BlackClock "0:00:18"]

1. e4 e5 2. Nf3 Nc6 3. Bc4 Nf6 4. d3 Bc5 5. c3 d6 6. h3 a6 7. a4 Ba7 8. O-O O-O 9. Nbd2 Be6 10. Re1 Ne7 11. Bxe6 fxe6 12. Qb3 Qc8 13. Nf1 h6 14. Be3 c5 15. Rac1 Nc6 16. Ng3 Rb8 17. Red1 Qe8 18. d4 cxd4 19. cxd4 Qg6 20. dxe5 Bxe3 21. Qxe3 dxe5 22. Rd6 Qf7 23. Qb3 Rfe8 24. Rcd1 Kh7 25. Qd3 Qe7 26. Qc3 Nd4 27. Rb6 Rbc8 28. Qe3 Qc7 29. a5 Red8 30. Nxd4 exd4 31. Rxd4 Qc1+ 32. Kh2 Qxe3 33. fxe3 Rxd4 34. exd4 Rc7 35. Rxe6 Kg6 36. Nf5 Kf7 37. Re5 Rc2 38. Nd6+ Kf8 39. Nxb7 Rxb2 40. Nc5 Rd2 41. d5 Ra2 42. Nxa6 Rxa5 43. Nc7 Ra1 44. d6 Rd1 45. Nd5 Nxe4 46. d7 Kf7 47. d8=Q Nf6 48. Nxf6 Rxd8 49. Ng4 Rd3 50. Re3 Rd4 51. Rf3+ Kg6 52. Ne5+ Kh7 53. Nd3 g5 54. Nf2 Kg6 55. Re3 h5 56. Kg3 Kf5 57. Kf3 h4 58. Ng4 Rf4+ 59. Ke2 Ra4 60. Re5+ Kf4 61. Rd5 Ra2+ 62. Rd2 Ra3 63. Kf2 Rc3 64. Re2 Rc4 65. Nf6 Rd4 66. Ng4 Rd1 67. Re3 Rd2+ 68. Re2 Rd3 69. Ra2 Rd4 70. Nh6 Rb4 71. Nf7 Kf5 72. Nh6+ Kg6 73. Ng4 Rf4+ 74. Kg1 Rb4 75. Ra5 Rb2 76. Ne5+ Kf6 77. Nf3 Rb3 78. Nxg5 Rg3 79. Nf3 Rg8 80. Rh5 Rc8 81. Rxh4 Kf5 82. Rh5+ Kf4 83. Ra5 Kg3 84. Rg5+ Kf4 85. Rg4+ Kf5 86. Kh2 Rc2 87. Kg3 Rc3 88. Ra4 Rc5 89. h4 Rd5 90. Rd4 Rb5 91. Rg4 Rb3 92. Rg5+ Kf6 93. Ra5 Rb2 94. h5 Kg7 95. Kg4 Kh6 96. Kg3 Rb4 97. Re5 Rc4 98. Rf5 Re4 99. Rf4 Re6 100. Kg4 Ra6 101. Nh4 Rb6 102. Nf5+ Kh7 103. g3 Rb7 104. Re4 Rb6 105. Re7+ Kg8 106. Rd7 Rf6 107. Kg5 Rf8 108. h6 Ra8 109. h7+ Kh8 110. Kg6 Ra6+ 111. Kg5 Rg6+ 112. Kf4 Rg4+ 113. Ke3 Re4+ 114. Kf3 Re3+ 115. Kg2 Rxg3+ 116. Kf2 Rf3+ 117. Ke2 Rxf5 118. Rd8+ Kxh7 119. Rd3 Kg6 120. Rf3 Rxf3 121. Kxf3 1/2-1/2


[Site "https://www.chess.com"]

[Event "Titled Tuesday Blitz May 2 Early 2023"]
[White "Da Silva, Lindolfo Luiz"]
[Black "Flis, Pawel"]
[WhiteFideId "2106558"]
[BlackFideId "1112864"]
[WhiteElo "2207"]
[BlackElo "1822"]
[Result "1-0"]
[Round "02"]
[TimeControl "180+2"]
[Date "2023.05.02"]
[WhiteClock "0:00:11"]
[BlackClock "0:00:15"]

1. d4 c5 2. d5 Nf6 3. c4 b5 4. cxb5 a6 5. bxa6 Bxa6 6. Nc3 g6 7. e4 Bxf1 8. Kxf1 d6 9. Nf3 Bg7 10. Kg1 O-O 11. h3 Nbd7 12. Kh2 Qb6 13. Re1 Rfb8 14. Re2 Ne8 15. Bg5 Kf8 16. Rc1 h6 17. Bf4 Nc7 18. Rcc2 Nb5 19. Nxb5 Qxb5 20. b3 g5 21. Bg3 Nb6 22. e5 Rd8 23. e6 f5 24. Red2 f4 25. Bxf4 gxf4 26. Nh4 Qe8 27. Qg4 Rdc8 28. Rd3 h5 29. Qg5 Bf6 30. Qh6+ Bg7 31. Qg5 Bf6 32. Qh6+ Kg8 33. Ng6 Bg7 34. Qxh5 c4 35. Rf3 cxb3 36. Rxc8 Rxc8 37. Rxf4 Nxd5 38. Rf8+ Qxf8 39. Nxf8 Kxf8 40. Qf7# 1-0


[Site "https://www.chess.com"]

[Event "Titled Tuesday Blitz May 2 Early 2023"]
[White "Aung Thant Zin"]
[Black "Pujari, Rucha"]
[WhiteFideId "13000063"]
[BlackFideId "5024528"]
[WhiteElo "2278"]
[BlackElo "2129"]
[Result "0-1"]
[Round "02"]
[TimeControl "180+2"]
[Date "2023.05.02"]
[WhiteClock "0:00:00"]
[BlackClock "0:00:00"]

1. e4 e5 2. Nf3 Nc6 3. d4 exd4 4. Nxd4 Bb4+ 5. c3 Be7 6. Bc4 d6 7. O-O Nf6 8. Qe2 O-O 9. Nd2 Re8 10. h3 Nxd4 11. cxd4 d5 12. exd5 Nxd5 13. Qf3 Be6 14. Ne4 c6 15. Be3 h6 16. Rad1 Qa5 17. Nc5 Bxc5 18. dxc5 Nxe3 19. Bxe6 Rxe6 20. fxe3 Rf6 21. Qg3 Rxf1+ 22. Rxf1 Qxc5 23. Qc7 Qxe3+ 24. Kh1 Qe8 25. Qxb7 Rb8 26. Qxa7 Rxb2 27. a4 f6 28. Qd4 Qe2 29. Rg1 Ra2 30. a5 Kh7 31. Qb6 Qb5 32. Qc7 Rxa5 33. Qd7 Qd5 34. Qg4 Ra3 35. Rc1 c5 36. Qc8 Ra2 37. Qg4 Rd2 38. Qg3 Rd1+ 39. Rxd1 Qxd1+ 40. Kh2 Qd4 41. Qe1 Qe5+ 42. Qxe5 fxe5 43. Kg3 Kg6 44. Kf3 Kf5 45. Ke3 c4 46. Kd2 Kf4 47. Kc3 Kg3 48. Kxc4 Kxg2 49. Kd5 Kxh3 0-1


[Site "https://www.chess.com"]

[Event "Titled Tuesday Blitz May 2 Early 2023"]
[White "Toktomushev, Teimur"]
[Black "Krylov, Ivan"]
[WhiteFideId "14176726"]
[BlackFideId "24128066"]
[WhiteElo "2116"]
[BlackElo "2326"]
[Result "1-0"]
[Round "02"]
[TimeControl "180+2"]
[Date "2023.05.02"]
[WhiteClock "0:00:28"]
[BlackClock "0:01:24"]

1. d4 d5 2. c4 e6 3. Nc3 c6 4. e3 Nf6 5. Nf3 Be7 6. Bd3 dxc4 7. Bxc4 O-O 8. O-O b6 9. e4 Bb7 10. e5 Nd5 11. Nxd5 cxd5 12. Bd3 Nd7 13. g3 Re8 14. h4 a6 15. Kg2 b5 16. Rh1 Nb6 17. Bxh7+ Kxh7 18. Ng5+ Kg8 19. Qh5 Bxg5 20. hxg5 Kf8 21. g6 f6 22. Qh8+ Ke7 23. Qxg7# 1-0


[Site "https://www.chess.com"]

[Event "Titled Tuesday Blitz May 2 Early 2023"]
[White "Shubenkova, Veronika"]
[Black "Smith, Shreyas"]
[WhiteFideId "44124040"]
[BlackFideId "7400713"]
[WhiteElo "2027"]
[BlackElo "2151"]
[Result "1-0"]
[Round "02"]
[TimeControl "180+2"]
[Date "2023.05.02"]
[WhiteClock "0:01:58"]
[BlackClock "0:00:01"]

1. e4 c5 2. Nc3 Nc6 3. g3 e6 4. Bg2 Nf6 5. d3 d5 6. f4 h5 7. e5 Nd7 8. h4 Rb8 9. Nf3 b5 10. O-O b4 11. Ne2 a5 12. Ng5 g6 13. Kh2 a4 14. Ng1 Be7 15. Bd2 Bxg5 16. hxg5 h4 17. gxh4 Rxh4+ 18. Kg3 Rh7 19. Nf3 Ne7 20. Bh3 d4 21. Bg4 Bb7 22. Rh1 Rxh1 23. Qxh1 Nf8 24. Qh8 Kd7 25. Qg7 Qe8 26. c3 bxc3 27. bxc3 Kc7 28. cxd4 Bxf3 29. Kxf3 Qc6+ 30. Kg3 Qe8 31. dxc5 Rb2 32. Ba5+ Kc8 33. Qh8 Kb7 34. Qh1+ Ka6 35. Bc3 1-0


[Site "https://www.chess.com"]

[Event "Titled Tuesday Blitz May 2 Early 2023"]
[White "Vargas, Mauricio"]
[Black "Gatterer, Florian"]
[WhiteFideId "4404572"]
[BlackFideId "811688"]
[WhiteElo "1998"]
[BlackElo "2221"]
[Result "0-1"]
[Round "02"]
[TimeControl "180+2"]
[Date "2023.05.02"]
[WhiteClock "0:00:50"]
[BlackClock "0:01:04"]

1. e4 c5 2. Nc3 e6 3. f4 d5 4. Nf3 dxe4 5. Nxe4 Nf6 6. Ng3 Bd6 7. d3 O-O 8. Ne4 Nxe4 9. dxe4 Qc7 10. e5 Be7 11. Be3 b6 12. c4 Bb7 13. Bd3 Nc6 14. Qe2 Rad8 15. Rd1 g6 16. O-O Rd7 17. Bc2 Rfd8 18. Rxd7 Rxd7 19. Rd1 Qd8 20. Rxd7 Qxd7 21. Nd2 Nd4 22. Qd1 Nxc2 23. Qxc2 Qc6 24. Nf3 h5 25. b3 a5 26. a3 Qe4 27. Qd2 Qb1+ 28. Kf2 Bxf3 29. gxf3 Qxb3 30. Qd7 Bh4+ 31. Kg2 Qxe3 32. Qd8+ Bxd8 0-1


[Site "https://www.chess.com"]

[Event "Titled Tuesday Blitz May 2 Early 2023"]
[White "Fernandez Siles, Luis"]
[Black "Sanchez, Robert"]
[WhiteFideId "2209420"]
[BlackFideId "2034360"]
[WhiteElo "2195"]
[BlackElo "1966"]
[Result "1-0"]
[Round "02"]
[TimeControl "180+2"]
[Date "2023.05.02"]
[WhiteClock "0:00:00"]
[BlackClock "0:00:00"]

1. d4 Nf6 2. Bg5 e6 3. e4 Be7 4. e5 Ne4 5. Be3 c5 6. Qg4 cxd4 7. Bxd4 Ng5 8. h4 h5 9. Qg3 Nc6 10. c3 Nxd4 11. cxd4 Qa5+ 12. Nc3 Ne4 13. Qxg7 Rf8 14. Ne2 Bb4 15. Rh3 b6 16. Re3 Bb7 17. f3 Nxc3 18. bxc3 Be7 19. g3 O-O-O 20. Qh7 Kb8 21. Kf2 d6 22. exd6 Bxd6 23. Qc2 Rg8 24. f4 Be7 25. Bg2 Bxg2 26. Kxg2 Bxh4 27. Kf2 Be7 28. Qe4 h4 29. g4 Rxg4 30. Rh1 Qxa2 31. Kf3 Bd6 32. Rh3 Rdg8 33. Qc6 Bc7 34. d5 Qxd5+ 35. Qxd5 exd5 36. Re7 a5 37. Nd4 Rg3+ 38. Rxg3 hxg3 39. Kg2 a4 40. Nc6+ Kb7 41. Nb4 a3 42. Re2 Bxf4 43. Ra2 Re8 44. Nxd5 Bd6 45. Nf6 Re3 46. Rc2 1-0


[Site "https://www.chess.com"]

[Event "Titled Tuesday Blitz May 2 Early 2023"]
[White "Milikow, Yoav"]
[Black "Nakamura, Hikaru"]
[WhiteFideId "2822237"]
[BlackFideId "2016192"]
[WhiteElo "2410"]
[BlackElo "2885"]
[Result "0-1"]
[Round "03"]
[TimeControl "180+2"]
[Date "2023.05.02"]
[WhiteClock "0:00:03"]
[BlackClock "0:00:13"]

1. d4 g6 2. c4 Bg7 3. Nc3 c5 4. d5 Bxc3+ 5. bxc3 f5 6. h4 Qa5 7. h5 Qxc3+ 8. Bd2 Qg7 9. h6 Qf8 10. Nf3 Nf6 11. Bc3 d6 12. Ng5 Na6 13. Rb1 Nc7 14. e3 b6 15. g3 Rg8 16. Qb3 Nh5 17. Bg7 Rxg7 18. hxg7 Qxg7 19. Be2 Nf6 20. Qb2 h6 21. Nf3 Kf7 22. Nd2 Bd7 23. f4 Kg8 24. Kf2 h5 25. Qc2 Re8 26. a4 Na6 27. Ra1 Nb4 28. Qb1 e6 29. dxe6 Bc6 30. Bf3 Bxf3 31. Nxf3 Ng4+ 32. Kg2 Rxe6 33. Re1 Nxe3+ 34. Kh3 Nbc2 35. Ra2 Nxe1 36. Qxe1 Re4 37. Ng5 Re7 38. Re2 Nc2 39. Qd2 Nd4 40. Rf2 Qf8 41. Qd3 Qa8 42. Qf1 Re3 43. Kh4 Kg7 44. a5 bxa5 45. Qa1 a4 46. Rh2 a3 47. Qc1 Qe8 48. Qb1 Qe7 49. Qc1 Nf3+ 0-1


[Site "https://www.chess.com"]

[Event "Titled Tuesday Blitz May 2 Early 2023"]
[White "Paravyan, David"]
[Black "Vakhlamov, Igor L."]
[WhiteFideId "4194985"]
[BlackFideId "24126748"]
[WhiteElo "2563"]
[BlackElo "2400"]
[Result "1-0"]
[Round "03"]
[TimeControl "180+2"]
[Date "2023.05.02"]
[WhiteClock "0:00:30"]
[BlackClock "0:00:16"]

1. e4 c5 2. Nf3 e6 3. d4 cxd4 4. Nxd4 Nf6 5. Nd2 Nc6 6. Nxc6 dxc6 7. Bd3 e5 8. O-O Bc5 9. Nc4 Qe7 10. Qf3 O-O 11. Bg5 Qe6 12. Ne3 h6 13. Bc4 Qe7 14. Bxf6 Qxf6 15. Qxf6 gxf6 16. a4 a5 17. Rad1 Re8 18. Rd3 Kf8 19. Rfd1 Ke7 20. Kf1 Ra7 21. h3 b6 22. Ng4 h5 23. Nh6 Rf8 24. Rg3 Rd7 25. Rxd7+ Bxd7 26. Ng8+ Kd6 27. Nxf6 Be6 28. Bxe6 fxe6 29. Rf3 h4 30. Ke2 b5 31. b3 bxa4 32. bxa4 Bd4 33. Ng4 Rb8 34. c3 Rb2+ 35. Kd1 Bc5 36. Rd3+ Kc7 37. Rd2 Rb1+ 38. Kc2 Ra1 39. Kb3 Ra3+ 40. Kc4 Bd6 41. Nf6 Rxa4+ 42. Kb3 Ra3+ 43. Kb2 Bc5 44. Nd7 Bd6 45. Rxd6 Kxd6 46. Kxa3 Kxd7 47. g3 Ke7 48. Ka4 Kd6 49. Kxa5 Kc5 50. gxh4 Kc4 51. h5 Kxc3 52. h6 Kd4 53. h7 c5 54. h8=Q c4 55. Kb4 c3 56. f4 c2 57. Qxe5+ Ke3 58. Qg5 Kxe4 59. Qg6+ Kxf4 60. Qxc2 e5 61. Kc4 e4 62. Kd4 e3 63. Qe4+ Kg3 64. Kxe3 Kh2 65. Qg4 Kh1 66. Kf2 Kh2 67. Qg2# 1-0


[Site "https://www.chess.com"]

[Event "Titled Tuesday Blitz May 2 Early 2023"]
[White "Tanenbaum, Zachary"]
[Black "Fedoseev, Vladimir"]
[WhiteFideId "2060850"]
[BlackFideId "24130737"]
[WhiteElo "2175"]
[BlackElo "2752"]
[Result "0-1"]
[Round "03"]
[TimeControl "180+2"]
[Date "2023.05.02"]
[WhiteClock "0:00:03"]
[BlackClock "0:00:19"]

1. e4 c5 2. Nf3 d6 3. d4 cxd4 4. Nxd4 Nf6 5. Nc3 a6 6. Be3 e6 7. f3 h5 8. Qd2 Qc7 9. O-O-O Nbd7 10. h3 h4 11. Rg1 Be7 12. g3 hxg3 13. Rxg3 g6 14. f4 b5 15. Bd3 Bb7 16. a3 Nc5 17. f5 gxf5 18. exf5 e5 19. Re1 Qd7 20. Bg5 O-O-O 21. Nb3 Nxb3+ 22. cxb3 Kb8 23. Bxf6 Bxf6 24. Be4 Bh4 25. Rd3 Bxe1 26. Qxe1 Bxe4 27. Qxe4 Rh5 28. a4 Rxf5 29. axb5 Rf4 30. Qd5 axb5 31. Kb1 Qb7 32. Nxb5 Qxd5 33. Rxd5 Kb7 0-1


[Site "https://www.chess.com"]

[Event "Titled Tuesday Blitz May 2 Early 2023"]
[White "Firouzja, Alireza"]
[Black "Nagy, Gabor"]
[WhiteFideId "12573981"]
[BlackFideId "737119"]
[WhiteElo "2904"]
[BlackElo "2514"]
[Result "1-0"]
[Round "03"]
[TimeControl "180+2"]
[Date "2023.05.02"]
[WhiteClock "0:01:43"]
[BlackClock "0:01:09"]

1. d4 d5 2. Bg5 c6 3. e3 Qb6 4. b3 Nf6 5. Bd3 g6 6. Nd2 Bg7 7. Ngf3 O-O 8. O-O c5 9. c3 Nc6 10. a3 cxd4 11. cxd4 Bg4 12. h3 Bxf3 13. Nxf3 e6 14. b4 Rfc8 15. Rc1 a5 16. b5 Ne7 17. Ne5 Qd6 18. Qf3 Nf5 19. Rxc8+ Rxc8 20. g4 Ne4 21. Bxe4 dxe4 22. Qxe4 f6 23. Qxb7 Rf8 24. gxf5 fxg5 25. Nc4 Qd5 26. Qxd5 exd5 27. Nxa5 gxf5 28. Nc6 1-0


[Site "https://www.chess.com"]

[Event "Titled Tuesday Blitz May 2 Early 2023"]
[White "Zhao, Jun"]
[Black "Caruana, Fabiano"]
[WhiteFideId "8602522"]
[BlackFideId "2020009"]
[WhiteElo "2547"]
[BlackElo "2837"]
[Result "0-1"]
[Round "03"]
[TimeControl "180+2"]
[Date "2023.05.02"]
[WhiteClock "0:00:01"]
[BlackClock "0:01:45"]

1. e4 c5 2. Nf3 Nc6 3. Bb5 e6 4. Bxc6 bxc6 5. d3 Ne7 6. Qe2 Qc7 7. O-O Ng6 8. h4 Be7 9. g3 e5 10. Bg5 f6 11. Be3 d5 12. h5 Nf8 13. Nh4 g5 14. Nf5 Bxf5 15. exf5 Nd7 16. c4 h6 17. Bd2 O-O 18. Nc3 Nb6 19. b3 Rad8 20. Rae1 Qd7 21. cxd5 cxd5 22. Qf3 Kg7 23. Rc1 Bd6 24. Nxd5 Qb7 25. Ba5 Qxd5 26. Qxd5 Nxd5 27. Bxd8 Rxd8 28. Kg2 Nb4 29. Rc4 Be7 30. Rd1 Kf7 31. Rd2 Rd4 32. Rxd4 cxd4 33. Kf3 Nd5 34. Rc2 Nc3 35. g4 Ba3 36. Kg2 Ke7 37. f3 Kd6 38. Kf2 Kc5 39. Ke1 Kb4 40. Kd2 a5 41. Ke1 a4 42. bxa4 Kxa4 43. Kd2 Bb4 44. Kc1 Ka3 45. Rd2 Nxa2+ 46. Rxa2+ Kxa2 0-1


[Site "https://www.chess.com"]

[Event "Titled Tuesday Blitz May 2 Early 2023"]
[White "Bluebaum, Matthias"]
[Black "Csonka, Balazs"]
[WhiteFideId "24651516"]
[BlackFideId "742910"]
[WhiteElo "2638"]
[BlackElo "2404"]
[Result "1/2-1/2"]
[Round "03"]
[TimeControl "180+2"]
[Date "2023.05.02"]
[WhiteClock "0:01:02"]
[BlackClock "0:00:04"]

1. d4 d5 2. c4 c6 3. Nf3 Nf6 4. Nc3 dxc4 5. e4 b5 6. Qc2 e6 7. Be2 Bb7 8. O-O Be7 9. Rb1 a6 10. b3 cxb3 11. Rxb3 Nbd7 12. e5 Nd5 13. Nxd5 cxd5 14. Qd2 O-O 15. Qf4 Rc8 16. Qg4 Kh8 17. h4 f5 18. exf6 Nxf6 19. Qxe6 Rc6 20. Qe5 Bd6 21. Qe3 Ne4 22. Ne5 Bxe5 23. dxe5 Rg6 24. h5 d4 25. Qh3 Ng5 26. Bxg5 Rxg5 27. Rg3 Qe7 28. f4 Rxg3 29. Qxg3 Be4 30. Rd1 Rd8 31. Bd3 Bxd3 32. Rxd3 h6 33. f5 Rd5 34. f6 gxf6 35. Qg6 Rxe5 36. Qxh6+ Kg8 37. Rxd4 Re1+ 38. Kh2 Qe5+ 39. Rf4 Rf1 40. Kg3 Qe3+ 41. Kg4 Qe2+ 42. Kg3 Qe3+ 43. Kg4 Qe2+ 44. Kg3 Qe3+ 1/2-1/2


[Site "https://www.chess.com"]